 Dungeon Sprint DCSS version 0.18.1-6-gd335043 (webtiles) character file.

5177 Hipnos the Fencer (level 10, -1/101 HPs)
             Began as a Minotaur Fighter on May 19, 2016.
             Was a High Priest of Okawaru.
             Slain by an 11-headed hydra (2 damage)
             ... in the Dungeon (Sprint IX: "|||||||||||||||||||||||||||||").
             The game lasted 00:05:33 (1106 turns).

Hipnos the Fencer (Minotaur Fighter)                Turns: 1106, Time: 00:05:34

Health: -1/101     AC: 19    Str: 29    XL:     10   Next: 34%
Magic:  9/9        EV: 11    Int:  5    God:    Okawaru [*****.]
Gold:   0          SH: 14    Dex: 10    Spells: 0 memorised, 9 levels left

rFire  . . .     SeeInvis .     u - +2 scimitar (holy)
rCold  . . .     Gourm    .     v - +1 chain mail
rNeg   + . .     Faith    .     c - +0 shield
rPois  .         Spirit   .     (helmet restricted)
rElec  .         Dismiss  .     (no cloak)
rCorr  .         Reflect  .     r - +0 pair of gloves
SustAt .         Harm     .     q - +0 pair of boots
MR     .....     NoTele   +     (no amulet)
Stlth  ..........               t - +2 ring of protection
                                y - ring of positive energy

@: mighty, exhausted, slowed, very slow, not resistant to hostile enchantments,
extremely unstealthy
A: retaliatory headbutt, horns 2
a: Heroism, Finesse, Renounce Religion


You were in the Dungeon.
You worshipped Okawaru.
Okawaru was extremely pleased with you.
You were hungry.

You visited 1 branch

Inventory:

Hand Weapons
 a - a +0 long sword
 p - a +2 halberd of venom
 u - a +2 scimitar of holy wrath (weapon)
Armour
 c - a +0 shield (worn)
 q - a +0 pair of boots (worn)
 r - a +0 pair of gloves (worn)
 v - a +1 chain mail (worn)
Jewellery
 s - a +3 ring of strength
 t - a +2 ring of protection (right hand)
 y - a ring of positive energy (left hand)
Wands
 o - a wand of lightning (7/15)
 x - a wand of paralysis (11/24)
Scrolls
 k - 2 scrolls of blinking
 m - 4 scrolls of remove curse
 n - 2 scrolls of amnesia
 w - 2 scrolls of identify
 z - a scroll of fear
 A - a scroll of recharging
 B - a scroll of fog
Potions
 b - a potion of resistance
 e - 6 potions of curing
 g - a potion of invisibility
 h - a potion of haste
 i - 4 potions of magic
 j - a potion of berserk rage
 l - 3 potions of heal wounds
Comestibles
 f - a bread ration
 C - 7 chunks of flesh


   Skills:
 + Level 13.2 Fighting
 * Level 16.4 Long Blades
 + Level 13.7 Armour
 + Level 5.9 Dodging
 + Level 13.5 Shields


You had 9 spell levels left.
You didn't know any spells.

Dungeon Overview and Level Annotations

Branches:
Dungeon (1/1)

Altars:
Cheibriados
Dithmenos
Elyvilon
Fedhas
Gozag
Kikubaaqudgha
Makhleb
Nemelex Xobeh
Okawaru
Pakellas
Qazlal
Ru
Sif Muna
Trog
Vehumet
Xom
Yredelemnul
Zin
The Shining One
Beogh
Jiyva
Lugonu


Innate Abilities, Weirdness & Mutations

You reflexively headbutt those who attack you in melee.
You have a pair of horns on your head.


Message History

Drink which item? (? for menu, Esc to quit)
You feel much better. The 11-headed hydra misses you. You furiously retaliate!
You headbutt the 11-headed hydra!!
The 11-headed hydra bites you but does no damage.
You block the 11-headed hydra's attack. x3
The 11-headed hydra closely misses you. The 11-headed hydra bites you.
* * * LOW HITPOINT WARNING * * *
The 11-headed hydra bites you.
* * * LOW HITPOINT WARNING * * *
The 11-headed hydra bites you.
* * * LOW HITPOINT WARNING * * *
The 11-headed hydra bites you but does no damage. x4
The 11-headed hydra misses you.
The 11-headed hydra bites you but does no damage.
The 11-headed hydra barely misses you. x2
You block the 11-headed hydra's attack. The 11-headed hydra barely misses you.
The 11-headed hydra bites you!
* * * LOW HITPOINT WARNING * * *
The 11-headed hydra bites you.
You die...

▓▓▓▓▓▓▓▓▓▓▓▓▓▓▓▓▓▓▓▓▓▓▓▓▓▓▓▓▓▓▓▓▓
...).....'.....'_________________
▓▓▓▓▓▓▓▓▓▓▓▓▓▓▓▓▓▓▓▓▓▓▓▓▓▓▓▓▓▓▓▓▓
.................................
▓▓▓▓▓▓▓▓▓▓▓▓▓▓▓▓▓▓▓▓▓▓▓▓▓▓▓▓▓▓▓▓▓
......'.........@D..†%........†..
▓▓▓▓▓▓▓▓▓▓▓▓▓▓▓▓▓▓▓▓▓▓▓▓▓▓▓▓▓▓▓▓▓


You could see a 11-headed hydra.

Vanquished Creatures
  2 hill giants (D)
  An ugly thing (D)
  A griffon (D)
  An elephant (D)
  5 spiny frogs (D)
  A komodo dragon (D)
  A boulder beetle (D)
  A wraith (D)
  A basilisk (D)
  2 yaks (D)
  A sky beast (D)
  A black bear (D)
  A necrophage (D)
  A crocodile (D)
  A big kobold (D)
  3 giant frogs (D)
  A scorpion (D)
  A jelly (D)
  An adder (D)
  2 river rats (D)
  A shadow imp (D)
  2 oozes (D)
  A worm (D)
  A goblin (D)
  A hobgoblin (D)
  A jackal (D)
  A kobold (D)
  A jackal skeleton (D)
  A rat (D)
39 creatures vanquished.

Notes
Turn   | Place    | Note
--------------------------------------------------------------
     0 | D        | Hipnos the Minotaur Fighter began the quest for the Orb.
     0 | D        | Reached XP level 1. HP: 19/19 MP: 0/0
    13 | D        | Reached skill level 3 in Long Blades
    13 | D        | Reached XP level 2. HP: 25/27 MP: 1/1
    22 | D        | Noticed a sky beast
    27 | D        | Reached skill level 5 in Fighting
    27 | D        | Reached skill level 4 in Long Blades
    27 | D        | Reached skill level 5 in Armour
    27 | D        | Reached skill level 5 in Shields
    27 | D        | Reached XP level 3. HP: 20/36 MP: 2/2
    45 | D        | Killed a sky beast
    45 | D        | Reached skill level 6 in Long Blades
    45 | D        | Reached skill level 1 in Dodging
    45 | D        | Reached XP level 4. HP: 14/45 MP: 3/3
    45 | D        | Reached XP level 5. HP: 16/51 MP: 4/4
   255 | D        | Found a glowing silver altar of Zin.
   255 | D        | Found a glowing golden altar of the Shining One.
   255 | D        | Found an ancient bone altar of Kikubaaqudgha.
   255 | D        | Found a basalt altar of Yredelemnul.
   255 | D        | Found a shimmering altar of Xom.
   255 | D        | Found a radiant altar of Vehumet.
   256 | D        | Found an iron altar of Okawaru.
   257 | D        | Found a burning altar of Makhleb.
   258 | D        | Found a deep blue altar of Sif Muna.
   259 | D        | Found a bloodstained altar of Trog.
   260 | D        | Found a sparkling altar of Nemelex Xobeh.
   261 | D        | Found a white marble altar of Elyvilon.
   262 | D        | Found a roughly hewn altar of Beogh.
   263 | D        | Found a viscous altar of Jiyva.
   264 | D        | Became a worshipper of Warmaster Okawaru
   265 | D        | Found a corrupted altar of Lugonu.
   266 | D        | Found a blossoming altar of Fedhas.
   267 | D        | Found a snail-covered altar of Cheibriados.
   268 | D        | Found a shadowy altar of Dithmenos.
   269 | D        | Found a stormy altar of Qazlal.
   270 | D        | Found an opulent altar of Gozag.
   271 | D        | Found a sacrificial altar of Ru.
   272 | D        | Found an oddly glowing altar of Pakellas.
   335 | D        | Noticed a hill giant
   335 | D        | Noticed a hill giant
   335 | D        | Noticed a wraith
   343 | D        | Killed a hill giant
   343 | D        | Reached * piety under Okawaru
   343 | D        | Reached skill level 9 in Long Blades
   343 | D        | Reached skill level 10 in Armour
   343 | D        | Reached skill level 10 in Shields
   343 | D        | Reached XP level 6. HP: 38/64 MP: 5/5
   343 | D        | Reached XP level 7. HP: 42/70 MP: 6/6
   350 | D        | Killed a hill giant
   350 | D        | Reached skill level 10 in Fighting
   350 | D        | Reached skill level 10 in Long Blades
   350 | D        | Reached XP level 8. HP: 40/80 MP: 7/7
   358 | D        | Reached ** piety under Okawaru
   358 | D        | Reached skill level 11 in Long Blades
   546 | D        | Noticed a red ugly thing
   555 | D        | Killed a red ugly thing
   564 | D        | Reached skill level 12 in Long Blades
   570 | D        | Reached XP level 9. HP: 41/88 MP: 8/8
   884 | D        | Noticed a spiny frog
   884 | D        | Noticed a spiny frog
   892 | D        | Noticed a spiny frog
   895 | D        | Reached *** piety under Okawaru
   900 | D        | Killed a spiny frog
   900 | D        | Reached skill level 13 in Long Blades
   904 | D        | Killed a spiny frog
   904 | D        | Reached skill level 5 in Dodging
   905 | D        | Noticed an elephant
   909 | D        | Reached skill level 14 in Long Blades
   923 | D        | Killed a spiny frog
   928 | D        | Killed an elephant
   928 | D        | Reached **** piety under Okawaru
  1038 | D        | Noticed a griffon
  1038 | D        | Noticed a spiny frog
  1038 | D        | Noticed a spiny frog
  1047 | D        | Killed a griffon
  1047 | D        | Reached skill level 15 in Long Blades
  1047 | D        | Reached XP level 10. HP: 93/99 MP: 9/9
  1056 | D        | Reached ***** piety under Okawaru
  1057 | D        | Noticed a six-headed hydra
  1059 | D        | Killed a spiny frog
  1062 | D        | Killed a spiny frog
  1062 | D        | Reached skill level 16 in Long Blades
  1094 | D        | HP: 4/151 [11-headed hydra (6)]
  1104 | D        | HP: 1/101 [11-headed hydra (6)]
  1106 | D        | Slain by an 11-headed hydra

Skill      XL: |  1  2  3  4  5  6  7  8  9 10 |
---------------+-------------------------------+-----
Armour         | 4 5 7 10 11 12 13 | 13.7
Shields        | 4 5 7 10 11 12 13 | 13.5
Fighting       | 4 5 6 9 10 11 12 13 | 13.2
Long Blades    | 3 4 6 9 10 12 15 16 | 16.4
Dodging        | 1 3 4 5 |  5.9

Action                   |  1- 3 |  4- 6 |  7- 9 | 10-12 || total
-------------------------+-------+-------+-------+-------++-------
Melee: Long sword        |    34 |     1 |       |       ||    35
       Headbutt          |     9 |     2 |    22 |    13 ||    46
       Scimitar          |       |     8 |    96 |    42 ||   146
  Use: Potion            |     1 |       |     1 |     4 ||     6
  Eat: Chunk             |       |       |     1 |       ||     1
Armor: Scale mail        |    12 |       |       |       ||    12
       Chain mail        |       |     1 |    24 |    29 ||    54
Dodge: Dodged            |     9 |     1 |    13 |    28 ||    51
Block: Shield            |     9 |     3 |    36 |    33 ||    81
